 Dungeon Crawl Stone Soup version 0.26.0-10-g1f06aea511 (webtiles) character file.

Game seed: 6658130730139610548

16791 wakim the Cleaver (level 12, -12/110 HPs)
             Began as a Minotaur Berserker on Jan 21, 2021.
             Was a High Priest of Trog.
             Mangled by a very large slime creature (54 damage)
             ... on level 13 of the Dungeon.
             The game lasted 00:39:58 (11527 turns).

wakim the Cleaver (Minotaur Berserker)             Turns: 11527, Time: 00:39:59

Health: -12/110    AC: 15    Str: 26    XL:     12   Next: 13%
Magic:  11/11      EV:  8    Int:  4    God:    Trog [*****.]
Gold:   1512       SH: 20    Dex: 10    Spells: 11/11 levels left

rFire    + . .     SeeInvis +   a - +0 broad axe (venom)
rCold    + . .     Faith    +   f - +2 tower shield {rC+}
rNeg     . . .     Spirit   .   H - +1 scale mail of Himaloti {rF+ Regen+ Dex+4}
rPois    +         Reflect  .   (helmet restricted)
rElec    .         Harm     .   i - +2 cloak
rCorr    +         Rampage  .   m - +0 pair of gloves
Will     .....                  (no boots)
Stlth    ..........             l - amulet of Balance {Faith +Inv rPois Dex-5 SInv}
HPRegen  0.68/turn              n - ring of resist corrosion
MPRegen  0.12/turn              K - ring of poison resistance

@: no status effects
A: retaliatory headbutt, horns 2
a: Renounce Religion, Evoke Invisibility, Berserk, Trog's Hand, Brothers in Arms


You were on level 13 of the Dungeon.
You worshipped Trog.
Trog was extremely pleased with you.
You visited 2 branches of the dungeon, and saw 14 of its levels.

You collected 1512 gold pieces.

Inventory:

Hand Weapons
 a - a +0 broad axe of venom (weapon)
 b - the +1 spear "Xozuskiu" {freeze, rPois rC- Will+}
   (You found it on level 11 of the Dungeon)

   It has been specially enchanted to freeze those struck by it, causing extra
   injury to most foes and up to half again as much damage against particularly
   susceptible opponents.
   It can also slow down cold-blooded creatures.
   It makes you vulnerable to cold.
   It protects you from poison.
   It affects your willpower, your defense against some magical effects.
 J - a +3 vorpal executioner's axe
Missiles
 A - 17 boomerangs (quivered)
 D - 8 javelins
Armour
 f - a +2 tower shield of cold resistance (worn)
 i - a +2 cloak (worn)
 m - a +0 pair of gloves (worn)
 C - a +0 plate armour
 H - the +1 scale mail of Himaloti (worn) {rF+ Regen+ Dex+4}
   (You found it on level 7 of the Dungeon)

   It affects your dexterity (+4).
   It protects you from fire.
   It increases your rate of regeneration.
Jewellery
 j - an uncursed ring of flight
 l - the amulet of Balance (around neck) {Faith +Inv rPois Dex-5 SInv}
   (You acquired it on level 12 of the Dungeon)

   [amulet of faith]

   It allows you to gain divine favour quickly.
   It affects your dexterity (-5).
   It protects you from poison.
   It lets you see invisible.
   It lets you turn invisible.
 n - a ring of resist corrosion (left hand)
 K - a ring of poison resistance (right hand)
Wands
 c - a wand of flame (17)
 o - a wand of acid (8)
 q - a wand of enslavement (15)
 y - a wand of digging (5)
 F - a wand of random effects (29)
Scrolls
 d - 2 scrolls of enchant armour
 h - 8 scrolls of identify
 k - 5 scrolls of remove curse
 u - a scroll of enchant weapon
 x - 2 scrolls of immolation
 z - 2 scrolls of magic mapping
 E - a scroll of fog
Potions
 e - a potion of ambrosia
 g - a potion of curing {unknown}
 r - a potion of might
 s - a potion of heal wounds
 t - 2 potions of flight {unknown}
 v - 2 potions of resistance
 w - 2 potions of haste
 B - 2 potions of invisibility {unknown}


   Skills:
 + Level 11.6 Fighting
 - Level 14.0 Axes
 + Level 11.3 Armour
 - Level 2.5 Dodging
 + Level 11.0 Shields


You had 11 spell levels left.
You didn't know any spells.
Your spell library was empty.

Dungeon Overview and Level Annotations

Branches:
Dungeon (13/15)            Temple (1/1) D:7            Lair (0/6) D:11
    Orc (0/2) D:9
 Vaults: D:13-14

Altars:
Ashenzari
Dithmenos
Gozag
Hepliaklqana
Kikubaaqudgha
Makhleb
Nemelex Xobeh
Qazlal
Ru
Sif Muna
Trog
Uskayaw
Vehumet
Wu Jian
Xom
The Shining One

Shops:
D:5 }   D:9 [

Annotations:
D:10 3 runed translucent doors, 1994's ghost, journeyman TeSu


Innate Abilities, Weirdness & Mutations

You reflexively headbutt those who attack you in melee.
You have a pair of horns on your head.


Message History

You slash the yak!
The yak is severely wounded.
You hit the very large slime creature.
The very large slime creature is poisoned.
You block the yak's attack.
You hit the yak.
The yak is poisoned.
You headbutt the yak!
You kill the yak!
Trog accepts your kill.
You slash the very large slime creature!
The very large slime creature looks as sick as possible!
You block the very large slime creature's attack.
The yak gores you but does no damage.
Your Shields skill increases to level 11!
You block the yak's attack.
The very large slime creature hits you!!!
* * * LOW HITPOINT WARNING * * *
You block the yak's attack. You block the wraith's attack.
The very large slime creature hits you!!!
You die...

### ..# ####### ######.#
#.....# #....#.# #...(.#
#....#.# #.....#
#....#.####Z....#
#......)@JYW....#
##....#.####.Y...#
####.......# #.....# #
#.........## #.....# #
#.#.#######.#####.....#.#
#....### .....##..#....#
##.....###.#...##.##.####
#..###.........##.#..#
#.!.###..........#...†##


You could see a very large slime creature (very poisoned), 2 yaks, a wraith and
a bullfrog zombie.

Vanquished Creatures
  A hydra (D:12)
  5 two-headed ogres
  A deep elf mage (D:12)
  An ugly thing (D:11)
  2 cyclopes (D:12)
  A kobold demonologist (D:11)
  2 komodo dragons
  2 trolls (D:12)
  A meliai (shapeshifter) (D:11)
  2 slime creatures (D:13)
  12 yaks
  2 wyverns
  4 hogs (D:7)
  A steam dragon (D:11)
  2 basilisks (D:11)
  A human (D:7)
  4 vampire mosquitoes (D:12)
  A soldier ant (D:11)
  3 orc warriors
  2 water moccasins
  A hornet zombie (D:6)
  An ice beast (D:12)
  A sky beast (D:8)
  A phantom (D:7)
  An eye of draining (D:9)
  6 ogres
  4 centaurs
  5 bullfrogs
  A wyvern zombie (D:12)
  A water moccasin skeleton (D:7)
  A wyvern skeleton (D:12)
  4 scorpions
  16 killer bees
  10 wights
  A howler monkey (D:4)
  An electric eel (D:10)
  A centaur zombie (D:8)
  5 jellies
  A quasit (D:11)
  A bullfrog zombie (D:9)
  3 orc priests
  2 bullfrog skeletons
  Crazy Yiuf (D:6)
  5 centaur skeletons
  4 hounds
  4 iguanas
  5 orc wizards
  13 worker ants
  A worker ant zombie (D:7)
  7 gnolls
  8 adders
  A shadow imp (D:10)
  2 ufetubi
  An ooze (D:3)
  4 worms
  4 dart slugs
  12 leopard geckos
  29 orcs
  8 bats
  3 giant cockroaches
  8 goblins
  7 hobgoblins
  10 jackals
  11 kobolds
  4 quokkas
  A ball python (D:2)
  9 frilled lizards
  A leopard gecko skeleton (D:5)
  8 rats
289 creatures vanquished.

Vanquished Creatures (others)
  An ogre (D:8)
  A centaur (D:8)
  A bullfrog (D:8)
  A killer bee (D:8)
  2 iguanas (D:8)
  A worker ant (D:8)
  A jackal skeleton (D:8)
  7 plants (D:8)
15 creatures vanquished.

Grand Total: 304 creatures vanquished

Notes
Turn   | Place    | Note
-------+----------+-------------------------------------------
     0 | D:1      | wakim the Minotaur Berserker began the quest for the Orb.
     0 | D:1      | Reached XP level 1. HP: 19/19 MP: 0/0
   153 | D:1      | Reached XP level 2. HP: 27/27 MP: 1/1
   306 | D:1      | Reached skill level 4 in Axes
   588 | D:1      | Reached XP level 3. HP: 29/33 MP: 2/2
   727 | D:1      | Reached ** piety under Trog
   983 | D:2      | Reached skill level 1 in Shields
  1007 | D:2      | Found a radiant altar of Vehumet.
  1203 | D:2      | Found a sparkling altar of Nemelex Xobeh.
  1548 | D:3      | Reached XP level 4. HP: 33/40 MP: 3/3
  1573 | D:3      | Found a hazy altar of Hepliaklqana.
  1618 | D:3      | Found a shadowy altar of Dithmenos.
  1673 | D:3      | Found an ornate altar of the Wu Jian Council.
  1749 | D:3      | Noticed a bullfrog
  1753 | D:3      | Killed a bullfrog
  1754 | D:3      | Reached skill level 5 in Axes
  1754 | D:3      | Reached XP level 5. HP: 46/47 MP: 4/4
  1943 | D:3      | Found a bloodstained altar of Trog.
  2055 | D:3      | Reached *** piety under Trog
  2574 | D:4      | Reached skill level 5 in Fighting
  2574 | D:4      | Reached XP level 6. HP: 38/56 MP: 5/5
  2695 | D:4      | Reached skill level 6 in Axes
  3251 | D:4      | Reached XP level 7. HP: 42/61 MP: 6/6
  3489 | D:4      | Found an opulent altar of Gozag.
  3606 | D:4      | Reached skill level 7 in Axes
  3657 | D:4      | Reached skill level 5 in Armour
  3810 | D:5      | Entered Level 5 of the Dungeon
  3896 | D:5      | Found Erizoly's Gadget Emporium.
  4060 | D:5      | Found a burning altar of Makhleb.
  4333 | D:5      | Found a shimmering blue altar of Sif Muna.
  5081 | D:6      | Reached skill level 8 in Axes
  5081 | D:6      | Reached XP level 8. HP: 54/70 MP: 7/7
  5404 | D:6      | Found a hide-covered altar of Uskayaw.
  5430 | D:6      | Found a runed translucent door.
  5431 | D:6      | Noticed Crazy Yiuf
  5456 | D:6      | Reached **** piety under Trog
  5746 | D:6      | Found a broken altar of Ashenzari.
  5829 | D:6      | Got a faintly glowing trident
  5830 | D:6      | Identified the cursed +3 trident of the Shining Light
                  | {drain, *Drain +Inv rC+ Dex+7} (You found it on level 6 of
                  | the Dungeon)
  6222 | D:6      | Killed Crazy Yiuf
  6328 | D:7      | Found an ancient bone altar of Kikubaaqudgha.
  6372 | D:7      | Got a masterwork scale mail
  6373 | D:7      | Identified the +1 scale mail of Himaloti {rF+ Regen+ Dex+4}
                  | (You found it on level 7 of the Dungeon)
  6403 | D:7      | Found an opulent altar of Gozag.
  6453 | D:7      | Reached skill level 5 in Shields
  6534 | D:7      | Found a staircase to the Ecumenical Temple.
  6561 | Temple   | Entered the Ecumenical Temple
  6726 | D:7      | Found a glowing golden altar of the Shining One.
  6790 | D:7      | Reached skill level 9 in Axes
  6807 | D:7      | Reached XP level 9. HP: 34/79 MP: 8/8
  7313 | D:8      | Reached skill level 10 in Axes
  7371 | D:8      | Noticed a two-headed ogre
  7386 | D:8      | Killed a two-headed ogre
  7452 | D:8      | Found a shimmering altar of Xom.
  7501 | D:8      | Noticed a komodo dragon
  7520 | D:8      | Killed a komodo dragon
  7521 | D:8      | Reached skill level 11 in Axes
  7622 | D:8      | Found a stormy altar of Qazlal.
  7753 | D:8      | Reached XP level 10. HP: 86/90 MP: 9/9
  7781 | D:8      | Reached ***** piety under Trog
  8078 | D:9      | Found a staircase to the Orcish Mines.
  8167 | D:9      | Noticed a two-headed ogre
  8176 | D:9      | Killed a two-headed ogre
  8205 | D:9      | Noticed a two-headed ogre
  8217 | D:9      | Killed a two-headed ogre
  8218 | D:9      | Reached skill level 12 in Axes
  8396 | D:9      | Noticed a two-headed ogre
  8416 | D:9      | Killed a two-headed ogre
  8699 | D:9      | Reached XP level 11. HP: 99/99 MP: 10/10
  8904 | D:9      | Found Mirogis's Armour Shop.
  8970 | D:10     | Entered Level 10 of the Dungeon
  8998 | D:10     | Reached skill level 13 in Axes
  9070 | D:10     | Found a runed translucent gate.
  9070 | D:10     | Found a runed translucent gate.
  9070 | D:10     | Found a runed translucent gate.
  9083 | D:10     | Noticed 1994's ghost (journeyman TeSu)
  9283 | D:10     | Reached skill level 10 in Fighting
  9574 | D:10     | Found the +3 giant club "Skullcrusher" {speed, Str+7}
  9762 | D:11     | Found a sacrificial altar of Ru.
  9823 | D:11     | Got a scorched spear
  9826 | D:11     | Identified the cursed +1 spear "Xozuskiu" {freeze, rPois
                  | rC- Will+} (You found it on level 11 of the Dungeon)
 10000 | D:11     | Received a gift from Trog
 10023 | D:11     | Found a staircase to the Lair.
 10203 | D:11     | Reached skill level 10 in Armour
 10237 | D:11     | Noticed a white ugly thing
 10248 | D:11     | Killed a white ugly thing
 10495 | D:12     | Noticed a six-headed hydra
 10738 | D:12     | Reached skill level 14 in Axes
 10760 | D:12     | Reached skill level 10 in Shields
 11124 | D:12     | Killed a seven-headed hydra
 11221 | D:12     | Noticed a deep elf mage
 11231 | D:12     | Killed a deep elf mage
 11382 | D:12     | Identified 2 scrolls of acquirement
 11382 | D:12     | Acquired 803 gold pieces
 11386 | D:12     | Acquired the amulet of Balance {Faith +Inv rPois Dex-5
                  | SInv}
 11425 | D:13     | Noticed a two-headed ogre
 11435 | D:13     | Killed a two-headed ogre
 11436 | D:13     | Reached XP level 12. HP: 73/110 MP: 11/11
 11527 | D:13     | Mangled by a very large slime creature

Illustrated notes

Levels and vault maps discovered:
D:1:      dpeg_arrival_erosion, layout_basic, chequers_serial_rivers_room_b,
          minmay_pentomino_x2
D:2:      layout_basic, overflow_temple_1_default, nemelex_altar_shiori
D:3:      layout_loops_corners, nicolae_overflow_crystal_walls,
          nzn_hepliaklqana_mist_gate, lemuel_doored_altar,
          nicolae_overflow_hidden_temple, dk_noncrumbling_2,
          grunt_decor_one_mirror
D:4:      layout_basic, lemuel_coloured_pillars_altar
D:5:      layout_layer_cave, general_overflow_altar, serial_shops, shop,
          makhleb_blood_cavern_becter
D:6:      layout_layer_cave, kennysheep_mini, lemuel_crystal_altar,
          uniq_crazy_yiuf_cottage
D:7:      layout_basic, minmay_temple_entry_statues_pillars,
          minmay_misc_feat_tiny, grunt_livestock, hangedman_feature_mirror,
          mrwooster_statue_mirror, nicolae_tso_swordbearing_angel
D:8:      layout_rooms, xom_confusion_cloud, kennysheep_mini_moat,
          minmay_lizard_king
D:9:      layout_gridville, orc_0_dummy, serial_shops, shop,
          kennysheep_generic_room_15
D:10:     statuecave_lemuel, layout_small_grid, ebering_ghost_rock_garden,
          hangedman_decor_points
D:11:     layout_cave_pools, erik_lair_dragon, basic_altar, bh_walls_and_bars
D:12:     layout_loops_corners
D:13:     layout_rooms, serial_shops, shop, minmay_sticks_and_stones
Temple:   nicolae_temple_figure_zero

Skill      XL: |  1  2  3  4  5  6  7  8  9 10 11 12 |
---------------+-------------------------------------+-----
Axes           | 4 5 6 8 9 11 12 14 | 14.0
Fighting       | 4 5 6 7 8 9 11 | 11.6
Armour         | 3 4 5 6 8 9 11 | 11.3
Shields        | 1 2 3 4 5 7 8 10 11 | 11.0
Dodging        | |  2.5

Action                   |  1- 3 |  4- 6 |  7- 9 | 10-12 || total
-------------------------+-------+-------+-------+-------++-------
Melee: Hand axe          |    99 |   100 |   311 |   163 ||   673
       Headbutt          |    17 |    21 |    78 |   116 ||   232
       Broad axe         |       |       |       |   250 ||   250
       Spear             |       |       |       |     6 ||     6
Throw: Boomerang         |       |       |     2 |     2 ||     4
Invok: Berserk           |       |     1 |     3 |     4 ||     8
       Trog's Hand       |       |       |     1 |       ||     1
 Abil: Evoke Flight      |       |       |       |     2 ||     2
  Use: Scroll            |       |       |    15 |     7 ||    22
       Potion            |       |       |     8 |       ||     8
 Stab: Confused          |       |       |     1 |       ||     1
Armor: Animal skin       |     7 |       |       |       ||     7
       Leather armour    |     6 |    17 |    26 |       ||    49
       Scale mail        |       |       |    46 |    96 ||   142
Dodge: Dodged            |    27 |    19 |    58 |    81 ||   185
Block: Tower shield      |    76 |    55 |   209 |   388 ||   728
       Kite shield       |       |     5 |       |       ||     5
